[Event "Israeli Team U18-ch 2022"]
[Site "Be'er Ya'akov"]
[Date "2022.08.15"]
[Round "5.11"]
[White "Dezent, Eyal"]
[Black "Ater, Yuval"]
[Result "0-1"]
[ECO "C02"]
[WhiteElo "1869"]
[BlackElo "1854"]
[Annotator "NA RC"]
[PlyCount "54"]
[EventDate "2022.08.14"]
[EventCountry "ISR"]
[SourceTitle "playchess.com"]
[Source "ChessBase"]
[SourceQuality "1"]
[TimeControl "3000+10"]

1. e4 e6 2. d4 d5 3. e5 c5 4. c3 Nc6 5. Nf3 Qb6 6. Bd3 Bd7 7. O-O Rc8 8. Re1 cxd4 9. Ng5 Be7 10. Nxh7 dxc3 11. Nxc3 d4 12. Na4 Qc7 13. Qh5 Nxe5 14. Rxe5 Bxa4 15. b3 Qc3 16. Bb2 Qxd3 17. Nf6+ gxf6 18. Qxh8 fxe5 19. Qxg8+ Kd7 20. Qxf7 Bc6 21. Ba3 Re8 22. h4 Qf5 23. Qg7 Kd8 24. Bb2 Bxh4 25. Rf1 Qg5 26. Qxg5+ Bxg5 27. Re1 Bf6 0-1

[Event "Israeli Team U18-ch 2022"]
[Site "Be'er Ya'akov"]
[Date "2022.08.15"]
[Round "5.12"]
[White "Amitai, Ido"]
[Black "Qasem, Huda"]
[Result "0-1"]
[ECO "B30"]
[WhiteElo "1664"]
[BlackElo "1765"]
[Annotator "NA RC"]
[PlyCount "78"]
[EventDate "2022.08.14"]
[EventCountry "ISR"]
[SourceTitle "playchess.com"]
[Source "ChessBase"]
[SourceQuality "1"]
[TimeControl "3000+10"]

1. e4 c5 2. Nf3 Nc6 3. Bb5 e5 4. O-O Bd6 5. Re1 Nge7 6. c3 a6 7. Bf1 O-O 8. d4 cxd4 9. cxd4 exd4 10. Nxd4 Bc7 11. Nc3 Nxd4 12. Qxd4 Nc6 13. Qd1 d6 14. Nd5 Be6 15. Bf4 Ba5 16. Bd2 Bxd5 17. Bxa5 Qxa5 18. exd5 Ne5 19. Qd4 Rfe8 20. Re3 Ng6 21. g3 Re5 22. Bc4 Rc8 23. Bb3 h6 24. Kg2 Rce8 25. Rae1 Qxe1 26. Rxe1 Rxe1 27. Qb6 Ne5 28. Qxb7 Re2 29. Ba4 Rf8 30. Qb6 Nd3 31. Qxa6 Rxf2+ 32. Kh3 Ne5 33. Qxd6 Nf3 34. Qa3 f5 35. g4 f4 36. g5 h5 37. Qxf3 Rxf3+ 38. Kg2 Rd3 39. Bd7 f3+ 0-1

[Event "Israeli Team U18-ch 2022"]
[Site "Be'er Ya'akov"]
[Date "2022.08.15"]
[Round "5.13"]
[White "Rivlin, Shachar"]
[Black "Kochavi, Dana"]
[Result "1/2-1/2"]
[ECO "E18"]
[WhiteElo "1924"]
[BlackElo "1885"]
[Annotator "NA RC"]
[PlyCount "162"]
[EventDate "2022.08.14"]
[EventCountry "ISR"]
[SourceTitle "playchess.com"]
[Source "ChessBase"]
[SourceQuality "1"]
[TimeControl "3000+10"]

1. d4 Nf6 2. c4 e6 3. Nf3 b6 4. g3 Bb7 5. Bg2 Be7 6. O-O d5 7. Nc3 O-O 8. Ne5 Nbd7 9. Qa4 c6 10. cxd5 cxd5 11. Rd1 a6 12. Bf4 b5 13. Qb3 Qb6 14. a4 b4 15. a5 Qa7 16. Na2 Nxe5 17. Bxe5 Nd7 18. Bf4 Bc6 19. Nxb4 Qb7 20. Bd2 Rfb8 21. Rac1 Bxb4 22. Qxb4 Qxb4 23. Bxb4 Ba4 24. Bd6 Rxb2 25. Rb1 Rxe2 26. Rdc1 Rc2 27. Rxc2 Bxc2 28. Rb7 Ba4 29. Bf1 h6 30. Rb4 Bc6 31. Rb1 Kh7 32. Rc1 Bb7 33. Rc7 Bc8 34. Bd3+ g6 35. g4 Kg7 36. h4 g5 37. hxg5 hxg5 38. Be7 Nf6 39. f3 Rb8 40. Rc6 Rb3 41. Bc2 Bb7 42. Rc7 Rb5 43. Bd6 Ne8 44. Be5+ Kf8 45. Rc5 Rb4 46. Bd3 Ke7 47. Kf2 f6 48. Bg3 Kd7 49. Ke3 Rb3 50. Ke2 Rb2+ 51. Ke3 Nd6 52. Rc1 Rb3 53. Ke2 Ra3 54. Rb1 Bc6 55. Bxa6 Rxa5 56. Bd3 Ra2+ 57. Ke3 Ra3 58. Ke2 Ra5 59. Rh1 Bb5 60. Rh7+ Kc6 61. Rh6 Bxd3+ 62. Kxd3 Ra3+ 63. Ke2 Nb5 64. Bf2 Ra2+ 65. Kf1 Kd6 66. Rxf6 Ra4 67. Rg6 Nxd4 68. Bxd4 Rxd4 69. Rxg5 Rf4 70. Ke2 d4 71. Rg8 Kd5 72. Rd8+ Ke5 73. Rd7 Kf6 74. Rd8 Ke5 75. Ra8 d3+ 76. Ke3 d2 77. Ra5+ Kf6 78. Kxd2 Rxf3 79. g5+ Kg6 80. Ke2 Rh3 81. Re5 Rh5 1/2-1/2

[Event "Israeli Team U18-ch 2022"]
[Site "Be'er Ya'akov"]
[Date "2022.08.15"]
[Round "5.14"]
[White "Bialik, Eyal"]
[Black "Cohen, Asaf"]
[Result "1-0"]
[ECO "C01"]
[WhiteElo "1804"]
[BlackElo "1455"]
[Annotator "NA RC"]
[PlyCount "119"]
[EventDate "2022.08.14"]
[EventCountry "ISR"]
[SourceTitle "playchess.com"]
[Source "ChessBase"]
[SourceQuality "1"]
[TimeControl "3000+10"]

1. e4 e6 2. d4 d5 3. exd5 exd5 4. Bd3 Bd6 5. Be3 Ne7 6. c3 Nbc6 7. Qc2 Be6 8. Nf3 h6 9. Nbd2 f5 10. Nb3 b6 11. O-O-O a5 12. Kb1 Rf8 13. Rde1 a4 14. Nc1 a3 15. b3 Bg8 16. h4 Kd7 17. Ne2 Kc8 18. Bf4 Kb7 19. h5 Bh7 20. g3 Ng8 21. Bxd6 Qxd6 22. Nf4 Rae8 23. Bb5 Nf6 24. Bxc6+ Qxc6 25. Ne5 Qd6 26. f3 Rg8 27. Ka1 Re7 28. Re2 Rge8 29. Rhe1 Nd7 30. Nxd7 Qxd7 31. Re5 c5 32. Qe2 Rxe5 33. dxe5 Re7 34. e6 Qd6 35. Qe5 Qxe5 36. Rxe5 Bg8 37. Rxf5 d4 38. cxd4 cxd4 39. Rd5 Kc6 40. Rxd4 Bxe6 41. Re4 Kd6 42. Rxe6+ Rxe6 43. Nxe6 Kxe6 44. Kb1 Kf6 45. Kc2 Kg5 46. Kd3 Kxh5 47. b4 Kg6 48. Ke4 Kf6 49. Kd5 Ke7 50. Kc6 h5 51. f4 Kf6 52. Kxb6 Kf5 53. Kc6 Kg4 54. b5 Kxg3 55. b6 Kxf4 56. b7 h4 57. b8=Q+ Kg4 58. Kd5 g5 59. Ke4 Kh3 60. Qb3+ 1-0

[Event "Israeli Team U18-ch 2022"]
[Site "Be'er Ya'akov"]
[Date "2022.08.15"]
[Round "5.15"]
[White "Kfir, Nadav"]
[Black "Soybert, Ori"]
[Result "1/2-1/2"]
[ECO "B33"]
[WhiteElo "1541"]
[BlackElo "1753"]
[Annotator "NA RC"]
[PlyCount "135"]
[EventDate "2022.08.14"]
[EventCountry "ISR"]
[SourceTitle "playchess.com"]
[Source "ChessBase"]
[SourceQuality "1"]
[TimeControl "3000+10"]

1. e4 c5 2. Nf3 Nc6 3. d4 cxd4 4. Nxd4 Nf6 5. Nc3 e5 6. Ndb5 d6 7. Nd5 Nxd5 8. exd5 Ne7 9. c4 Ng6 10. Bd3 a6 11. Nc3 f5 12. O-O Be7 13. b4 O-O 14. Ba3 b6 15. Na4 Bd7 16. Rc1 Nf4 17. Nb2 e4 18. Be2 Rc8 19. g3 Nh3+ 20. Kh1 f4 21. Qd4 f3 22. Bd1 Bf5 23. c5 Bf6 24. Qc4 b5 25. Qb3 Bg5 26. Rc3 Bd2 27. Re3 Bxe3 28. Qxe3 Qg5 29. Qxg5 Nxg5 30. h4 Nf7 31. Bb3 Ne5 32. Kg1 e3 33. fxe3 Bh3 34. Rf2 Ng4 35. Nd3 Nxf2 36. Kxf2 Bf5 37. Nf4 Kh8 38. c6 h6 39. Bb2 Kh7 40. Bd4 g5 41. Nh5 Kg6 42. Ng7 Bg4 43. h5+ Kf7 44. Bc2 Rc7 45. Bg6+ Ke7 46. e4 Rcc8 47. Bf5 Rxf5 48. Nxf5+ Bxf5 49. exf5 g4 50. Bg7 a5 51. bxa5 Ra8 52. Bxh6 Rxa5 53. Bg5+ Ke8 54. h6 Rxa2+ 55. Kf1 Ra1+ 56. Kf2 Ra2+ 57. Kf1 Kf7 58. Bf4 b4 59. Bxd6 b3 60. Be5 b2 61. Bxb2 Rxb2 62. d6 Rb1+ 63. Kf2 Rb2+ 64. Kf1 Rb1+ 65. Kf2 Rc1 66. c7 Rc2+ 67. Kf1 Rc1+ 68. Kf2 1/2-1/2

[Event "Israeli Team U18-ch 2022"]
[Site "Be'er Ya'akov"]
[Date "2022.08.15"]
[Round "5.16"]
[White "Bercovici, Yaniv"]
[Black "Levine, Arad"]
[Result "1-0"]
[ECO "A10"]
[WhiteElo "1548"]
[BlackElo "1267"]
[Annotator "NA RC"]
[PlyCount "59"]
[EventDate "2022.08.14"]
[EventCountry "ISR"]
[SourceTitle "playchess.com"]
[Source "ChessBase"]
[SourceQuality "1"]
[TimeControl "3000+10"]

1. c4 f5 2. Nc3 Nf6 3. g3 e6 4. Bg2 d5 5. e3 c6 6. b3 Bd6 7. Nge2 O-O 8. Bb2 Nbd7 9. O-O Rb8 10. d3 b5 11. Nd4 Qb6 12. Nxe6 Re8 13. cxd5 Rxe6 14. dxe6 Nc5 15. Ne2 Bxe6 16. Bd4 b4 17. Rc1 Nfd7 18. Qc2 Bd5 19. e4 Be6 20. e5 Be7 21. Nf4 Qd8 22. Bxc5 Nxc5 23. Nxe6 Nxe6 24. Qc4 Qc8 25. Bxc6 Kh8 26. Qd5 Nd8 27. Bd7 Qa6 28. Bxf5 Rb5 29. Qd7 Rb7 30. Qe8+ 1-0

[Event "Israeli Team U18-ch 2022"]
[Site "Be'er Ya'akov"]
[Date "2022.08.15"]
[Round "5.17"]
[White "Mishkovsky, Israel"]
[Black "Shapira, Gal"]
[Result "0-1"]
[ECO "D37"]
[WhiteElo "1940"]
[BlackElo "1995"]
[Annotator "NA RC"]
[PlyCount "110"]
[EventDate "2022.08.14"]
[EventCountry "ISR"]
[SourceTitle "playchess.com"]
[Source "ChessBase"]
[SourceQuality "1"]
[TimeControl "3000+10"]

1. d4 d5 2. Nf3 Nf6 3. c4 e6 4. Nc3 Be7 5. Bf4 O-O 6. e3 c6 7. Bd3 Nbd7 8. O-O h6 9. h3 dxc4 10. Bxc4 Nb6 11. Bb3 Nbd5 12. Be5 b6 13. Qe2 a5 14. Rfd1 Ba6 15. Qe1 Nb4 16. Rd2 Nbd5 17. e4 Nxc3 18. bxc3 b5 19. a4 Qb6 20. d5 cxd5 21. exd5 bxa4 22. d6 axb3 23. dxe7 Rfe8 24. Bxf6 gxf6 25. Rd4 Rxe7 26. Qd2 e5 27. Rh4 f5 28. Rxh6 Re6 29. Rxe6 Qxe6 30. Rxa5 f6 31. Rc5 Rc8 32. Rxc8+ Bxc8 33. Qb2 Ba6 34. Nd2 Bc4 35. g3 Qa6 36. h4 Bf7 37. Qb1 Qa2 38. Qd1 Qc2 39. Qe1 b2 40. Kh2 Qxd2 41. Qxd2 b1=Q 42. Qh6 Qb6 43. Kg1 Qd6 44. Kh2 e4 45. Qe3 Qd3 46. Qc5 Qf3 47. Kg1 Kg7 48. Qd4 Kg6 49. c4 Qd3 50. h5+ Kg5 51. f4+ Kg4 52. Qxf6 Qd1+ 53. Kf2 Qd2+ 54. Kg1 Qe1+ 55. Kg2 Qxg3+ 0-1

[Event "Israeli Team U18-ch 2022"]
[Site "Be'er Ya'akov"]
[Date "2022.08.15"]
[Round "5.18"]
[White "Sobel, Ido"]
[Black "Zusman, Tal"]
[Result "1-0"]
[ECO "B23"]
[WhiteElo "1870"]
[BlackElo "1445"]
[Annotator "NA RC"]
[PlyCount "57"]
[EventDate "2022.08.14"]
[EventCountry "ISR"]
[SourceTitle "playchess.com"]
[Source "ChessBase"]
[SourceQuality "1"]
[TimeControl "3000+10"]

1. e4 c5 2. Nc3 e6 3. f4 Nc6 4. Nf3 Qc7 5. d3 d6 6. Be2 Nf6 7. O-O Bd7 8. Qe1 Nd4 9. Bd1 Be7 10. h3 O-O-O 11. Be3 Nxf3+ 12. Bxf3 Rhg8 13. a4 h6 14. Nb5 Qb6 15. c4 g5 16. fxg5 hxg5 17. b4 Bxb5 18. axb5 g4 19. hxg4 Nxg4 20. bxc5 dxc5 21. Bxg4 Rxg4 22. Rxf7 Bd6 23. Bd2 Bg3 24. Qe2 Rdg8 25. Raf1 Qd6 26. R1f3 Be5 27. Rf8+ Kc7 28. Ba5+ b6 29. R3f7+ 1-0

[Event "Israeli Team U18-ch 2022"]
[Site "Be'er Ya'akov"]
[Date "2022.08.15"]
[Round "5.19"]
[White "Scheimann, Ori"]
[Black "Sobel, Alon"]
[Result "0-1"]
[ECO "C02"]
[WhiteElo "1552"]
[BlackElo "1843"]
[Annotator "NA RC"]
[PlyCount "54"]
[EventDate "2022.08.14"]
[EventCountry "ISR"]
[SourceTitle "playchess.com"]
[Source "ChessBase"]
[SourceQuality "1"]
[TimeControl "3000+10"]

1. e4 c5 2. c3 e6 3. d4 d5 4. e5 Nc6 5. Nf3 Qb6 6. a3 Nh6 7. b4 cxd4 8. cxd4 Nf5 9. Bb2 Bd7 10. Be2 Be7 11. O-O O-O 12. Qd2 f6 13. Bd3 fxe5 14. dxe5 Rf7 15. Bxf5 Rxf5 16. Nd4 Bg5 17. Qd1 Nxd4 18. Bxd4 Qc7 19. Nd2 Raf8 20. g3 Bb5 21. Re1 Qf7 22. Nf1 Rxf2 23. Bxf2 Qxf2+ 24. Kh1 d4 25. Qb1 Bc6+ 26. Re4 Qf3+ 27. Kg1 Bxe4 0-1

[Event "Israeli Team U18-ch 2022"]
[Site "Be'er Ya'akov"]
[Date "2022.08.15"]
[Round "5.20"]
[White "Ashkenazy, Ayal"]
[Black "Zusman, Noa"]
[Result "0-1"]
[ECO "C11"]
[WhiteElo "1347"]
[BlackElo "1246"]
[Annotator "NA RC"]
[PlyCount "62"]
[EventDate "2022.08.14"]
[EventCountry "ISR"]
[SourceTitle "playchess.com"]
[Source "ChessBase"]
[SourceQuality "1"]
[TimeControl "3000+10"]

1. d4 e6 2. e4 d5 3. Nd2 Nf6 4. e5 Nfd7 5. Ne2 c5 6. c3 Nc6 7. Nf3 Qb6 8. Rb1 cxd4 9. cxd4 Bb4+ 10. Bd2 f6 11. exf6 Nxf6 12. a3 Bd6 13. Bc3 O-O 14. Ne5 Bxe5 15. dxe5 Ne4 16. Bd4 Nxd4 17. Qxd4 Qxd4 18. Nxd4 Nxf2 19. Rg1 Ng4 20. Nf3 Rf5 21. Bd3 Rh5 22. Kd1 Nxe5 23. Be2 Nxf3 24. Bxf3 Rxh2 25. Kd2 Bd7 26. Ke3 Rf8 27. Kd4 Rh6 28. Ke5 Bc6 29. b4 Rf5+ 30. Kd6 e5+ 31. Kc5 b6# 0-1

[Event "Israeli Team U18-ch 2022"]
[Site "Be'er Ya'akov"]
[Date "2022.08.16"]
[Round "6.1"]
[White "Aizenberg, Benny"]
[Black "Levin, Guy"]
[Result "1-0"]
[ECO "B33"]
[WhiteElo "2361"]
[BlackElo "2363"]
[Annotator "TA"]
[PlyCount "99"]
[EventDate "2022.08.14"]
[EventCountry "ISR"]
[SourceTitle "playchess.com"]
[Source "ChessBase"]
[SourceQuality "1"]
[TimeControl "3000+10"]

1. e4 c5 2. Nf3 Nc6 3. d4 cxd4 4. Nxd4 Qb6 5. Nb3 Nf6 6. Nc3 e6 7. a3 Be7 8. Bf4 {[%emt 0:00:04] B33: Sicilian: Pelikan and Sveshnikov Variations.} d5 9. exd5 exd5 {[%emt 0:01:21] [#]} 10. Nb5 $146 {[%emt 0:03:08] White is better.} ({Predecessor:} 10. Nxd5 Nxd5 11. Qxd5 Be6 12. Qb5 Bxb3 13. Qxb6 axb6 14. cxb3 Nd4 15. O-O-O Nxb3+ 16. Kc2 {1-0 (57) Mandak,M-Hrtko,V Bratislava 1994}) 10... O-O $1 11. Bc7 $1 Bg4 (11... Bb4+ $2 12. axb4 Re8+ 13. Qe2 $3 (13. Kd2 $2 Qxf2+ 14. Kc1 Re1 $19) 13... Qxb5 14. Qxe8+ Nxe8 15. Bxb5 $18) 12. Qxg4 (12. Bxb6 $14 Bxd1 13. Rxd1 axb6 14. Bd3) 12... Nxg4 ({Better is} 12... Rfe8 $1 $11 13. Be2 (13. Bxb6 $2 Bb4+ 14. Kd1 Re1#) 13... Qxb5 14. Bxb5 Nxg4) 13. Bxb6 $14 axb6 14. Be2 Nge5 (14... h5 $14) 15. O-O-O $16 Rad8 16. f4 Nc4 17. Bf3 Bf6 18. c3 g5 19. g3 (19. Bxd5 Ne3 20. Bxc6 Nxd1 21. Bxb7 Nf2 $15) 19... g4 20. Be2 ({Much weaker is} 20. Bxd5 $6 Ne3 $11) 20... Rfe8 21. Bd3 N4a5 {[%emt 0:06:07] [#]} (21... Ne3 $16) 22. Nd2 $1 $18 Re3 23. Kc2 Ne7 (23... d4 $16) 24. Rhe1 (24. Nf1 $18 Rf3 25. h3) 24... Rxe1 $16 25. Rxe1 h5 26. Be2 Nf5 27. Bd3 (27. Nf1 $14) 27... Ne7 $1 28. Rh1 Kg7 29. h3 gxh3 30. Rxh3 Rh8 31. Nf3 Nac6 32. Nd6 ({White should play} 32. b4 $16) 32... Rd8 $14 33. Nb5 ({Of course not} 33. Nxb7 Rd7 $15) (33. Nf5+ $1 $14 {is superior.} Nxf5 34. Bxf5) 33... Rh8 $1 $16 34. Rh1 Ng6 (34... Nd8 $16) 35. Nd6 $36 {[%emt 0:00:33][%mdl 2048] White is really pushing.} Nd8 36. Re1 {[%emt 0:00:38] Threatens to win with Ne8+.} Ne7 37. Ne5 {[%emt 0:01:11] 0x0.0002dadc0424dp-1022s more active pieces.} Bxe5 38. Rxe5 Kf8 {[%emt 0:00:03] [#]} (38... Ndc6 $16) 39. Be2 $1 h4 40. gxh4 Ng6 $2 (40... Rh6) 41. Re8+ Kg7 42. f5 ({Not} 42. Rxh8 Kxh8 43. Bh5 Kg7 44. Bxg6 fxg6 $18) 42... Nxh4 43. f6+ $1 Kh7 44. Bd3+ Ng6 45. Re7 Rf8 46. Nxb7 Nc6 47. Nd6 {[%emt 0:00:07] White is clearly winning.} Kg8 (47... Kh6 $142 48. Nxf7+ Kh5) 48. Bxg6 fxg6 49. Rg7+ Kh8 50. Nf7+ {[%emt 0:00:01] Weighted Error Value: White=0.16 (very precise) /Black=0.23 (precise)} 1-0

[Event "Israeli Team U18-ch 2022"]
[Site "Be'er Ya'akov"]
[Date "2022.08.16"]
[Round "6.2"]
[White "Ben Ari, Yannay"]
[Black "Shteiman, Yuval"]
[Result "1-0"]
[ECO "D00"]
[WhiteElo "2411"]
[BlackElo "2034"]
[Annotator "TA"]
[PlyCount "99"]
[EventDate "2022.08.14"]
[EventCountry "ISR"]
[SourceTitle "playchess.com"]
[Source "ChessBase"]
[SourceQuality "1"]
[TimeControl "3000+10"]

1. d4 Nf6 2. Nc3 d5 3. Bf4 e6 4. Nb5 Na6 5. e3 Be7 6. Nf3 {[%emt 0:00:30] D00: 1 d4 d5: Unusual lines.} O-O 7. Ne5 c6 8. Nc3 {[%emt 0:00:02] The position is equal.} c5 9. Bxa6 bxa6 {[%emt 0:00:05] [#]} 10. dxc5 $146 ({Better is} 10. Nc6 $14 Qd7 11. Nxe7+ Qxe7 12. O-O) ({Predecessor:} 10. Nc6 Qd7 11. Nxe7+ Qxe7 12. O-O Bd7 13. Re1 Rfe8 14. Qf3 Bc6 15. Bg5 Rab8 16. b3 {0-1 (112) Bortnyk,O (2604)-Sevian,S (2684) Chess.com INT 2022}) 10... Bxc5 $11 11. O-O Bb7 12. Qf3 Nd7 13. Qg4 Be7 14. Rad1 Nxe5 15. Bxe5 Bf6 16. Qg3 Bxe5 17. Qxe5 Qf6 18. Qc7 Rab8 19. Rd3 Qg6 {[%emt 0:02:08][%cal Od5d4] ...d4! is the strong threat.} (19... Rfc8 $5 20. Qa5 Qd8 21. Qxd8+ Rxd8 $11) 20. f3 Rfc8 21. Qd6 Bc6 22. Qa3 (22. Qe5 $11 {keeps the balance.}) 22... Bb5 $17 23. Nxb5 axb5 (23... Rxc2 $17 24. Rf2 Rc1+ 25. Rf1 Rxf1+ 26. Kxf1 axb5) 24. Rf2 b4 25. Qa6 Qf6 26. Rd4 Qg6 $2 {[%emt 0:00:41] [#]} (26... Qe7 $15 {stays ahead.}) 27. Rxb4 $3 $16 Qf6 28. c3 Qd8 29. a3 {[%emt 0:00:20] White is more active.} Rxb4 30. axb4 {[%emt 0:00:01][%mdl 4096] Endgame KQR-KQR} Qc7 31. Rf1 Rb8 32. Ra1 Rb7 33. Ra5 g6 34. Rc5 Qb6 35. Qa4 Rc7 36. Qa5 {[%emt 0:00:50] And now Qxb6 would win.} Rxc5 37. Qxc5 Qxc5 $4 {[%emt 0:00:02][%mdl 8192] Black cannot hold the game after this.} (37... Qa6 $16) 38. bxc5 {[%emt 0:00:01] Black must now prevent c6. KP-KP} Kf8 39. b4 a6 40. Kf2 Ke8 41. Ke2 Kd7 42. Kd3 Kc6 43. c4 dxc4+ 44. Kxc4 f6 45. f4 e5 46. fxe5 fxe5 47. e4 {[%emt 0:00:00] White mates.} h6 48. h4 g5 49. h5 g4 50. g3 {[%emt 0:00:01] Weighted Error Value: White=0.15 (very precise) /Black=0.33} 1-0

[Event "Israeli Team U18-ch 2022"]
[Site "Be'er Ya'akov"]
[Date "2022.08.16"]
[Round "6.3"]
[White "Friedland, Eldar"]
[Black "Kochavi, Ori"]
[Result "0-1"]
[ECO "A13"]
[WhiteElo "1990"]
[BlackElo "2364"]
[Annotator "TA"]
[PlyCount "56"]
[EventDate "2022.08.14"]
[EventCountry "ISR"]
[SourceTitle "playchess.com"]
[Source "ChessBase"]
[SourceQuality "1"]
[TimeControl "3000+10"]

1. c4 Nf6 2. Nf3 e6 3. b3 d5 4. e3 Be7 5. Bb2 dxc4 6. bxc4 {[%emt 0:02:58] A13: English Opening: 1...e6.} c5 7. Nc3 O-O 8. Qc2 {[%emt 0:00:56] The position is equal.} Nc6 9. a3 b6 {[%emt 0:07:57] [#]} 10. Bd3 $146 ({Predecessor:} 10. Be2 Bb7 11. Rg1 Na5 12. d3 Ne8 13. g4 Nd6 14. g5 Nf5 15. Ne4 a6 16. Ne5 {1-0 (149) Malakhov,V (2666)-Movsesian,S (2645) Biograd 2018}) 10... Qd7 11. Ne4 Nxe4 12. Bxe4 f5 $1 13. Bd3 (13. Bxc6 $11 Qxc6 14. O-O-O) 13... Bb7 14. O-O Bf6 {[%emt 0:00:48] Hoping for ...Bxb2.} 15. Bxf6 Rxf6 16. Be2 e5 17. d3 {[%emt 0:01:25] Inhibits e4.} Qe7 18. Nd2 Rg6 (18... Rh6 $17 {[%cal Oc6d4] aiming for ...Nd4!} 19. Rfe1 Rd8) 19. Bf3 $15 e4 20. dxe4 Ne5 $1 21. Kh1 $2 {[%emt 0:03:41] White does not recover from this.} (21. exf5 {gets mated.} Nxf3+ 22. Nxf3 Rxg2+ $3 23. Kxg2 Qg5+ 24. Kh3 Bxf3) (21. Be2 $17) 21... Nxf3 $40 {[%emt 0:00:37][%mdl 192] Deflection. Black wants a kill.} 22. Nxf3 (22. gxf3 Rd8 23. Rg1) 22... Bxe4 $19 {[%emt 0:00:31] Black is clearly winning.} 23. Qe2 {[%emt 0:01:26] [#]} Rxg2 $3 24. Rg1 (24. Rad1 Rg6) 24... Rg4 {[%emt 0:02:37] Threatens to win with ...Qb7.} 25. Rg3 Qb7 {[%emt 0:02:13] ( -> ...Rxg3)} 26. Rag1 h5 {[%emt 0:00:05] White must now prevent ...f4.} 27. Rh3 g5 28. Qd1 Rf8 {[%emt 0:01:16] Weighted Error Value: White=0.67/Black=0.14 (very precise)} 0-1

[Event "Israeli Team U18-ch 2022"]
[Site "Be'er Ya'akov"]
[Date "2022.08.16"]
[Round "6.4"]
[White "Uritsky, Yonathan"]
[Black "Ostrovsky Berman, Noam"]
[Result "1-0"]
[ECO "B38"]
[WhiteElo "2130"]
[BlackElo "1778"]
[Annotator "TA"]
[PlyCount "85"]
[EventDate "2022.08.14"]
[EventCountry "ISR"]
[SourceTitle "playchess.com"]
[Source "ChessBase"]
[SourceQuality "1"]
[TimeControl "3000+10"]

1. e4 c5 2. Nf3 g6 3. d4 cxd4 4. Nxd4 Nc6 5. c4 Bg7 6. Be3 Nf6 7. Nc3 O-O 8. Be2 d6 9. O-O Bd7 10. h3 Nxd4 11. Bxd4 Bc6 12. Qc2 {[%emt 0:00:01] B38: Sicilian: Maroczy Bind with 5...Bg7 and 7...0-0.} Nd7 13. Bxg7 Kxg7 14. Rad1 {[%emt 0:00:05] White is slightly better.} a5 15. Bg4 Nc5 16. e5 Qc7 ({Black should play} 16... Re8 $14) 17. exd6 $16 exd6 18. Qd2 Rad8 {[%emt 0:01:26] [#]} 19. Rfe1 $146 ({Predecessor:} 19. Qd4+ Kg8 20. Rfe1 Rfe8 21. Rxe8+ Rxe8 22. Qxd6 Qxd6 23. Rxd6 Ne4 24. Rd3 Nxc3 25. Rxc3 {½-½ (60) Czopor,M (2144)-Moravec,V (2211) Liberec 2018}) 19... Na4 (19... Rde8 $14) 20. Ne2 (20. Nxa4 $16 Bxa4 21. b3) 20... d5 21. c5 (21. cxd5 Rxd5 22. Qc1 Rc5 $11) 21... b6 $2 (21... Kg8 $16 {is a better chance.}) 22. cxb6 $1 $18 Qxb6 23. Nd4 (23. b3 $1 $18 {and the rest is easy.}) 23... Bd7 $16 24. Bxd7 {[%emt 0:02:21] White is more active.} Rxd7 25. Qg5 (25. Re3 $1 $16) 25... Qf6 $14 26. Qg4 (26. Qc1 $14) 26... Rc7 {[%emt 0:00:34] [#]} (26... Rb7 $11) 27. b3 (27. Re6 $1 $14 fxe6 28. Nxe6+ Kg8 29. Nxc7 Qxf2+ 30. Kh2 Nxb2 31. Rxd5) 27... Nc3 $11 28. Rd3 $1 ({Don't go for} 28. Rc1 $2 Rfc8 29. Rc2 h5 30. Ne6+ fxe6 $19) 28... Ne4 29. Qf3 Qxf3 30. Nxf3 Rc2 (30... Rc5 $11) 31. Rxd5 $14 Nc3 32. Rxa5 Rxa2 33. Rc5 Ne2+ 34. Kh2 Nf4 {[%emt 0:00:17] Hoping for ...Nd3.} 35. Rc7 Rb2 36. Rb7 $36 {[%emt 0:00:28][%mdl 2048] Black is under pressure.} Nd3 37. Ree7 {[%emt 0:00:16] Ng5 is the strong threat.} (37. Re3 $5 Nf4 38. Rd7 $16) 37... Kf6 {[%emt 0:00:22] Inhibits Ng5.} 38. Re3 Nxf2 {[%emt 0:00:17] [#]} (38... Nc5 $14 39. Rb6+ Kg7) 39. Ne5 $1 $18 {[%emt 0:00:02] aiming for Nd7+.} Kg7 40. Rf3 Ne4 41. Nxf7 {[%emt 0:01:06] Black must now prevent Ng5+.} ({Weaker is} 41. Rfxf7+ Rxf7 42. Rxf7+ Kh6 $16) 41... Rf2 $2 (41... Rxb3 42. Rfxb3 Rxf7 43. Rxf7+ Kxf7 44. Rb7+ Kg8) 42. Ng5+ Kg8 43. Rxf8+ {[%emt 0:00:10] Weighted Error Value: White=0.16 (very precise) /Black=0.52} ({Less strong is} 43. Nxe4 R8xf3 44. Nxf2 Rxf2 $16) 1-0

[Event "Israeli Team U18-ch 2022"]
[Site "Be'er Ya'akov"]
[Date "2022.08.16"]
[Round "6.6"]
[White "Zemach, Nadav"]
[Black "Milikow, Yoav"]
[Result "0-1"]
[ECO "E16"]
[WhiteElo "2225"]
[BlackElo "2452"]
[Annotator "TA"]
[PlyCount "82"]
[EventDate "2022.08.14"]
[EventCountry "ISR"]
[SourceTitle "playchess.com"]
[Source "ChessBase"]
[SourceQuality "1"]
[TimeControl "3000+10"]

1. d4 Nf6 2. c4 e6 3. g3 Bb4+ 4. Nd2 d5 5. Bg2 O-O 6. Ngf3 b6 7. O-O Bb7 8. a3 Be7 9. cxd5 {[%emt 0:00:05] 9.cxd5 is better than 9.b4.} exd5 10. b4 {[%emt 0:00:06] E16: Queen's Indian: 4 g3 Bb7 5 Bg2 Bb4+.} a5 11. b5 a4 12. Nb1 {[%emt 0:08:26] [#] The position is equal.} c6 $146 ({Predecessor:} 12... Qe8 13. Bf4 Bd6 14. Bxd6 cxd6 15. Nc3 Ne4 16. Nxe4 dxe4 17. Nd2 d5 18. Rb1 Bc8 {½-½ (29) Taboas Rodriguez,D (2266)-Malmdin,N (2200) Mallorca 2004}) 13. bxc6 Nxc6 14. Nc3 Ne4 15. Nxa4 Ba6 {[%emt 0:02:39][%cal Bb7a6,Ba6b5,Bb5e2][%mdl 32] [#] ...Bb5 is the strong threat.} 16. Qc2 Rc8 {[%emt 0:04:20][%cal Oc6d4] And now ...Nxd4! would win.} 17. Qd1 Bb5 {[%emt 0:04:39] Strongly threatening ...Ra8.} 18. Bd2 $2 {[%emt 0:03:39][%mdl 8192] Loses the game.} (18. Ne5 $11 {and White has nothing to worry.}) 18... Nxd2 $19 {[%emt 0:00:37][%mdl 64] [#] Deflection} 19. Nxd2 Nxd4 20. Nb2 (20. Nf3 $142 Nc2 21. Bh3 Bxa4 22. Bxc8 Qxc8 23. Rb1) 20... Bxe2 {[%emt 0:01:31] This bishop pair is nice.} 21. Qa4 Bf6 22. Rfc1 Rxc1+ 23. Rxc1 Bb5 24. Qb4 Ne2+ 25. Kh1 Nxc1 26. Qxb5 Qe7 {[%emt 0:00:23] Hoping for ...Qe1+.} 27. Qxb6 Qxa3 28. Nd1 Qd3 29. Qe3 d4 30. Qxd3 Nxd3 31. Bf1 Ne1 {[%emt 0:00:39] Black is clearly winning.} 32. Kg1 Rc8 33. Nb2 (33. Bc4 $142) 33... Rc2 34. Nbc4 d3 35. Bh3 Bc3 36. Ne4 Bb4 37. Ne3 Rc1 38. Bg4 Nc2+ 39. Kg2 Nxe3+ 40. fxe3 f5 41. Bxf5 d2 {[%emt 0:00:06] Weighted Error Value: White=0.72/Black=0.24 (precise)} 0-1